 Dungeon Sprint DCSS version 0.14.2 (webtiles) character file.

9104 leos9 the Brawler (level 11, -18/180 HPs)
             Began as a Troll Berserker on May 2, 2016.
             Was the Champion of Trog.
             Demolished by an ettin
             ... wielding a +0,+0 dire flail
              (24 damage)
             ... in the Dungeon (Sprint IX: "|||||||||||||||||||||||||||||").
             The game lasted 00:16:57 (1072 turns).

leos9 the Brawler (Troll Berserker)                 Turns: 1072, Time: 00:16:57

HP -18/180       AC  6     Str 35      XL: 11   Next:  2%
MP   6/6         EV 18     Int  3      God: Trog [******]
Gold 1250        SH  0     Dex 12      Spells:  0 memorised, 10 levels left

rFire  . . .     SeeInvis .       - Unarmed
rCold  . . .     Clarity  .     n - +0 robe
rNeg   . . .     Conserve .     (shield restricted)
rPois  .         rCorr    .     (helmet restricted)
rElec  .         rRot     .     y - +0 cloak
SustAb . .       Spirit   .     (gloves unavailable)
rMut   .         Warding  .     (boots unavailable)
Gourm  +         NoTele   +     (no amulet)
MR     ++...                    m - +2 ring of evasion
                                l - +3 ring of dexterity

@: regenerating, berserking, very quick, very resistant to hostile enchantments,
extremely unstealthy
A: unfitting armour, claws 3, fast metabolism 3, gourmand, regeneration 2,
saprovore 2, shaggy fur 1, tough skin 2
a: Burn Spellbooks, Berserk, Trog's Hand, Brothers in Arms, Renounce Religion


You were in the Dungeon.
You worshipped Trog.
Trog was exalted by your worship.
You were not hungry.

You visited 1 branch You collected 1250 gold pieces.

Inventory:

Armour
 n - a +0 robe (worn)
 y - a +0 cloak (worn)
Magical devices
 k - a wand of fire (4)
Comestibles
 a - 14 meat rations
 w - 40 strawberries
 x - 12 bread rations
Scrolls
 h - a scroll of blinking
 j - 3 scrolls of remove curse
 r - 4 scrolls of enchant weapon II
 s - 3 scrolls of fog
 t - 2 scrolls of enchant armour
 u - a scroll of identify
Jewellery
 l - a +3 ring of dexterity (left claw)
 m - a +2 ring of evasion (right claw)
Potions
 b - a potion of agility
 c - 6 potions of curing
 d - 4 potions of heal wounds
 e - a potion of haste
 f - 4 potions of magic
 g - a potion of berserk rage
 i - a potion of invisibility
 o - a potion of cure mutation
 p - a potion of resistance
 q - a potion of restore abilities


   Skills:
 + Level 11.1 Fighting
 + Level 14.0 Dodging
 + Level 1.2 Stealth
 + Level 15.9 Unarmed Combat
 + Level 1.1 Evocations


You had 10 spell levels left.
You didn't know any spells.

Dungeon Overview and Level Annotations

Branches:
Dungeon (1/1)

Altars:
Ashenzari
Cheibriados
Dithmenos
Elyvilon
Fedhas
Kikubaaqudgha
Makhleb
Nemelex Xobeh
Okawaru
Sif Muna
Trog
Vehumet
Xom
Yredelemnul
Zin
The Shining One

Shops:
D [:


Innate Abilities, Weirdness & Mutations

You are too large for most types of armour.
You have claws for hands.
Your metabolism is lightning-fast.
You like to eat raw meat.
You heal very quickly.
You can eat rotten meat.
You are covered in fur (AC +1).
You have very tough skin (AC +2).


Message History

You feel the power of Trog in you as your rage grows.
You kill the hill giant!
Trog accepts your kill.
Your Dodging skill increases to level 14!
You have reached level 11!
The ettin hits you with a dire flail!
* * * LOW HITPOINT WARNING * * *
The ettin hits you with a dire flail!
* * * LOW HITPOINT WARNING * * *
Found Zeryfinuha's Book Shoppe.
There is an open door to Orc:4, spattered with blood here.
Things that are here:
a giant club; a throwing net You mangle the ettin!!
The ettin begins to bleed from its wounds!
The ettin is heavily wounded.
You mangle the ettin!!
The ettin is almost dead.
The ettin hits you with a dire flail!
You die...

▓_▓.▓.▓.▓)▓
▓_▓.▓.▓.▓)▓
▓_▓.▓.▓.▓)▓
▓_▓.▓.▓.▓.▓
▓_▓.▓.▓.▓.▓
▓_▓.▓.▓.▓.▓
▓_▓.▓.▓.▓.▓
▓'▓.▓.▓.▓.▓
▓.▓.▓.▓.▓@▓
▓?▓.▓)▓.▓C▓
▓|▓.▓.▓.▓C▓
▓)▓.▓.▓.▓T▓
▓[▓.▓.▓.▓C▓
▓[▓.▓.▓.▓T▓
▓[▓.▓.▓.▓∩▓
▓.▓.▓.▓.▓$▓
▓.▓.▓.▓.▓∩▓


You could see an ettin (bleeding), 2 hill giants and 2 deep trolls.

Vanquished Creatures
  An ettin (D)
  2 hydras (D)
  An orc high priest (D)
  A hill giant (D)
  A griffon (D)
  A black mamba (D)
  A smoke demon (D)
  A troll (D)
  Sonja (D)
  A slime creature (D)
  A shadow (D)
  A chaos spawn (D)
  A neqoxec (D)
  A hippogriff (D)
  2 water moccasins (D)
  6 orc warriors (D)
  An ogre (D)
  3 giant frogs (D)
  A goliath beetle (D)
  An orc priest (D)
  A hound (D)
  A worker ant (D)
  2 orc wizards (D)
  An adder (D)
  2 worms (D)
  A giant eyeball (D)
  A giant cockroach (D)
  2 hobgoblins (D)
  2 quokkas (D)
  3 bats (D)
  A hobgoblin zombie (D)
  2 kobolds (D)
  A kobold zombie (D)
  A rat (D)
50 creatures vanquished.

Vanquished Creatures (collateral kills)
  An ettin (D)
  An orc high priest (D)
  2 orc knights (D)
  A spiny frog (D)
  A komodo dragon (D)
  A ynoxinul (D)
  2 wolves (D)
  3 wargs (D)
  4 orc warriors (D)
  3 hell hounds (D)
  A crocodile (D)
  A giant frog (D)
  A hound (D)
  2 orc priests (D)
  2 orc wizards (D)
  2 ufetubi (D)
  3 orcs (D)
  A bat (D)
32 creatures vanquished.

Vanquished Creatures (others)
  2 deep trolls (D)
  A black bear (D)
  2 ogres (D)
5 creatures vanquished.

Grand Total: 87 creatures vanquished

Notes
Turn   | Place    | Note
--------------------------------------------------------------
     0 | D        | leos9, the Troll Berserker, began the quest for the Orb.
     0 | D        | Reached XP level 1. HP: 22/22 MP: 1/1
    13 | D        | Acquired Trog's second power
    36 | D        | Reached XP level 2. HP: 29/31 MP: 1/1
    39 | D        | Reached skill level 4 in Unarmed Combat
    67 | D        | Found a radiant altar of Vehumet.
    67 | D        | Found a snail-covered altar of Cheibriados.
    67 | D        | Found a deep blue altar of Sif Muna.
    67 | D        | Found a glowing silver altar of Zin.
    67 | D        | Found a glowing golden altar of the Shining One.
    67 | D        | Found a basalt altar of Yredelemnul.
    67 | D        | Found a burning altar of Makhleb.
    68 | D        | Found a shadowy altar of Dithmenos.
    69 | D        | Found a shattered altar of Ashenzari.
    70 | D        | Found a blossoming altar of Fedhas.
    71 | D        | Found a sparkling altar of Nemelex Xobeh.
    72 | D        | Found a white marble altar of Elyvilon.
    73 | D        | Found a bloodstained altar of Trog.
    74 | D        | Found an ancient bone altar of Kikubaaqudgha.
    75 | D        | Found a shimmering altar of Xom.
    76 | D        | Found an iron altar of Okawaru.
    77 | D        | Found a snail-covered altar of Cheibriados.
    78 | D        | Found a shimmering altar of Xom.
   105 | D        | Noticed a giant frog
   105 | D        | Noticed an ogre
   105 | D        | Noticed an orc wizard
   105 | D        | Noticed a worker ant
   113 | D        | Killed a giant frog
   113 | D        | Acquired Trog's third power
   113 | D        | Reached skill level 5 in Unarmed Combat
   113 | D        | Reached XP level 3. HP: 24/39 MP: 2/2
   113 | D        | Reached XP level 4. HP: 29/48 MP: 2/2
   122 | D        | Killed an ogre
   122 | D        | Reached skill level 5 in Fighting
   122 | D        | Reached skill level 5 in Dodging
   122 | D        | Reached skill level 6 in Unarmed Combat
   122 | D        | Reached XP level 5. HP: 31/57 MP: 2/2
   128 | D        | Killed an orc wizard
   128 | D        | Reached skill level 7 in Unarmed Combat
   133 | D        | Killed a worker ant
   171 | D        | Noticed a goliath beetle
   171 | D        | Noticed a slime creature
   171 | D        | Noticed a giant frog
   171 | D        | Noticed a shadow
   177 | D        | Paralysed by a giant eyeball for 2 turns
   181 | D        | Killed a goliath beetle
   189 | D        | Killed a slime creature
   189 | D        | Reached skill level 9 in Unarmed Combat
   189 | D        | Reached XP level 6. HP: 41/71 MP: 3/3
   193 | D        | Killed a giant frog
   204 | D        | Killed a shadow
   204 | D        | Reached skill level 10 in Unarmed Combat
   204 | D        | Reached XP level 7. HP: 62/78 MP: 3/3
   342 | D        | Noticed a crocodile
   342 | D        | Noticed a hound
   342 | D        | Noticed a komodo dragon
   342 | D        | Noticed a giant frog
   342 | D        | Noticed a spiny frog
   342 | D        | Noticed a four-headed hydra
   347 | D        | Killed a crocodile
   352 | D        | Killed a hound
   354 | D        | Killed a komodo dragon
   355 | D        | Killed a spiny frog
   356 | D        | Noticed a water moccasin
   356 | D        | Killed a giant frog
   356 | D        | Reached skill level 11 in Unarmed Combat
   362 | D        | Killed a five-headed hydra
   362 | D        | Reached XP level 8. HP: 91/91 MP: 3/3
   367 | D        | Killed a water moccasin
   367 | D        | Reached skill level 12 in Unarmed Combat
   377 | D        | Received a gift from Trog
   414 | D        | Noticed a water moccasin
   414 | D        | Noticed a giant frog
   414 | D        | Noticed a griffon
   414 | D        | Noticed a black mamba
   414 | D        | Noticed an eight-headed hydra
   423 | D        | Killed a water moccasin
   423 | D        | Reached skill level 10 in Dodging
   424 | D        | Noticed a hippogriff
   425 | D        | Noticed a hound
   431 | D        | Killed a giant frog
   436 | D        | Killed a griffon
   436 | D        | Reached XP level 9. HP: 74/98 MP: 4/4
   440 | D        | Killed a black mamba
   440 | D        | Reached skill level 13 in Unarmed Combat
   443 | D        | Killed a 11-headed hydra
   443 | D        | Received a gift from Trog
   446 | D        | Killed a hippogriff
   446 | D        | Reached skill level 10 in Fighting
   448 | D        | Killed a hound
   506 | D        | Noticed a hell hound
   506 | D        | Noticed a warg
   506 | D        | Noticed a wolf
   506 | D        | Noticed a hell hound
   506 | D        | Noticed a warg
   508 | D        | Killed a hell hound
   509 | D        | Killed a warg
   509 | D        | Reached skill level 14 in Unarmed Combat
   510 | D        | Noticed a hell hound
   512 | D        | Noticed a warg
   512 | D        | Killed a hell hound
   512 | D        | Received a gift from Trog
   513 | D        | Noticed a wolf
   513 | D        | Killed a warg
   514 | D        | Killed a hell hound
   516 | D        | Killed a warg
   517 | D        | Killed a wolf
   518 | D        | Killed a wolf
   625 | D        | Noticed Sonja
   631 | D        | Killed Sonja
   631 | D        | Reached XP level 10. HP: 76/110 MP: 4/4
   882 | D        | Noticed an orc priest
   882 | D        | Noticed an orc high priest
   882 | D        | Noticed an orc wizard
   882 | D        | Noticed an orc wizard
   882 | D        | Noticed an orc warrior
   896 | D        | Noticed an orc warrior
   898 | D        | Noticed an orc priest
   900 | D        | Killed an orc priest
   903 | D        | Noticed an orc wizard
   908 | D        | Noticed an ettin
   912 | D        | Killed an orc high priest
   912 | D        | Received a gift from Trog
   913 | D        | Killed an orc wizard
   916 | D        | Killed an orc warrior
   918 | D        | Noticed an ettin
   920 | D        | Killed an orc warrior
   921 | D        | Killed an orc wizard
   922 | D        | Killed an orc priest
   922 | D        | Killed an orc wizard
   924 | D        | Killed an ettin
   924 | D        | Reached skill level 15 in Unarmed Combat
   931 | D        | Killed an ettin
   931 | D        | Received a gift from Trog
   973 | D        | Noticed an orc warrior
   973 | D        | Noticed an orc warrior
   973 | D        | Noticed an orc warrior
   973 | D        | Noticed an orc knight
   973 | D        | Noticed an orc knight
   973 | D        | Noticed an orc warrior
   973 | D        | Noticed an orc warrior
   976 | D        | Killed an orc warrior
   980 | D        | Noticed an orc warrior
   981 | D        | Killed an orc knight
   983 | D        | Noticed an orc warrior
   984 | D        | Killed an orc warrior
   985 | D        | Killed an orc knight
   987 | D        | Noticed an orc high priest
   988 | D        | Noticed an orc priest
   989 | D        | Noticed an orc warrior
   990 | D        | Killed an orc warrior
   994 | D        | Killed an orc warrior
   994 | D        | Reached skill level 1 in Stealth
   999 | D        | Killed an orc warrior
  1002 | D        | Killed an orc warrior
  1005 | D        | Killed an orc warrior
  1005 | D        | Received a gift from Trog
  1014 | D        | Killed an orc high priest
  1016 | D        | Killed an orc warrior
  1018 | D        | Killed an orc priest
  1059 | D        | Found Eloniul's Armour Emporium.
  1059 | D        | Noticed a troll
  1059 | D        | Noticed a hill giant
  1059 | D        | Noticed an ettin
  1059 | D        | Noticed a hill giant
  1059 | D        | Noticed a deep troll
  1059 | D        | Noticed a hill giant
  1061 | D        | Noticed a deep troll
  1065 | D        | Killed a troll
  1065 | D        | Reached skill level 1 in Evocations
  1069 | D        | Killed a hill giant
  1069 | D        | Reached XP level 11. HP: 77/120 MP: 6/6
  1070 | D        | Found Zeryfinuha's Book Shoppe.
  1070 | D        | HP: 4/180 [ettin/dire flail (42)]
  1072 | D        | Demolished by an ettin

Action                   |  1- 3 |  4- 6 |  7- 9 | 10-12 || total
-------------------------+-------+-------+-------+-------++-------
Melee: Unarmed           |    26 |    56 |    38 |    40 ||   160
Invok: Trog's Hand       |     2 |     1 |     7 |     5 ||    15
       Brothers in Arms  |       |       |     3 |     4 ||     7
       Berserk           |       |       |     2 |     3 ||     5
Evoke: Wand              |       |       |       |     3 ||     3
  Use: Potion            |       |       |       |     3 ||     3
       Scroll            |       |       |       |     1 ||     1
